 Dungeon Crawl Stone Soup version 0.23.2-40-g277498a001 (webtiles) character file.

Game seed: 12324525516685535977

542 Htamos the Magician (level 7, 0/40 HPs)
             Began as a Deep Elf Conjurer on Sept 3, 2019.
             Was a Follower of Sif Muna.
             Slain by a killer bee (1 damage)
             ... on level 5 of the Dungeon.
             The game lasted 00:08:11 (4386 turns).

Htamos the Magician (Deep Elf Conjurer)             Turns: 4386, Time: 00:08:11

Health: 0/40       AC:  5    Str:  5    XL:     7   Next: 6%
Magic:  8/19       EV: 13    Int: 22    God:    Sif Muna [*.....]
Gold:   147        SH:  0    Dex: 15    Spells: 1/19 levels left

rFire    . . .     SeeInvis .   u - +0 dagger
rCold    . . .     Gourm    .   (no shield)
rNeg     . . .     Faith    .   w - +0 leather armour (curse)
rPois    .         Spirit   .   (no helmet)
rElec    .         Reflect  .   (no cloak)
rCorr    .         Harm     .   A - +0 pair of gloves
MR       .....                  v - +0 pair of boots
Stlth    ++........             (no amulet)
HPRegen  0.13/turn              (no ring)
MPRegen  0.16/turn              (no ring)

@: lethally poisoned (0 -> -23)
A: no striking features
a: Divine Energy, Renounce Religion


You were on level 5 of the Dungeon.
You worshipped Sif Muna.
Sif Muna was aware of your devotion.
You were not hungry.

You visited 1 branch of the dungeon, and saw 5 of its levels.

You collected 147 gold pieces.

Inventory:

Hand Weapons
 j - a +0 spear
 t - a +0 war axe
 u - a +0 dagger (weapon)
Missiles
 d - 5 curare-tipped needles
 f - 7 needles of confusion
 B - 12 poisoned needles
Armour
 a - a +0 robe
 k - a +0 robe
 l - a +0 ring mail
 q - a +0 leather armour
 v - a +0 pair of boots (worn)
 w - a cursed +0 leather armour (worn)
 A - a +0 pair of gloves (worn)
Jewellery
 m - a +2 ring of slaying {unknown}
Scrolls
 b - 7 scrolls of remove curse {unknown}
 e - 6 scrolls of identify {unknown}
 h - 3 scrolls of teleportation {unknown}
 n - a scroll of enchant weapon {unknown}
 p - a scroll of fog {unknown}
 r - 3 scrolls of enchant armour {unknown}
 x - a scroll of immolation {unknown}
 y - 2 scrolls of noise {unknown}
 z - a scroll of magic mapping {unknown}
Potions
 g - 2 potions of flight {unknown}
 i - 2 potions of heal wounds {unknown}
 o - a potion of ambrosia {unknown}
 s - a potion of invisibility {unknown}
Comestibles
 c - 10 rations
 C - 4 chunks of flesh


   Skills:
 + Level 2.3 Fighting
 + Level 4.6 Dodging
 - Level 3.0 Stealth
 * Level 6.7 Spellcasting
 + Level 5.7 Conjurations


You had one spell level left.
You knew the following spells:

 Your Spells              Type           Power        Failure   Level  Hunger
a - Magic Dart            Conj           ####         1%          1    None
b - Searing Ray           Conj           ####..       1%          2    None
c - Dazzling Spray        Conj/Hex       ###...       13%         3    #......
d - Iskenderun's Mystic   Conj           ####....     13%         4    ###....
e - Force Lance           Conj/Tloc      ###.....     41%         4    ###....
f - Fulminant Prism       Conj/Hex       ###.......   41%         4    ###....

Your spell library contained the following spells:

 Spells                   Type           Power        Failure   Level  Hunger


Dungeon Overview and Level Annotations

Branches:
Dungeon (5/15)             Temple (0/1) D:4

Altars:
Cheibriados
Dithmenos
Elyvilon
Nemelex Xobeh
Sif Muna
Uskayaw

Annotations:
D:1 exclusion: downstairs


Message History

The killer bee stings you but does no damage.
The killer bee stings you!
* * * LOW HITPOINT WARNING * * *
You are more poisoned.
The killer bee poisons you! The killer bee completely misses you.
You feel sick. The killer bee closely misses you. x2
The killer bee stings you.
* * * LOW HITPOINT WARNING * * *
You are lethally poisoned!
The killer bee poisons you! The killer bee barely misses you.
* * * LOW HITPOINT WARNING * * *
You feel sick. The killer bee completely misses you. The killer bee stings you.
* * * LOW HITPOINT WARNING * * *
You are more poisoned.
The killer bee poisons you!
* * * LOW HITPOINT WARNING * * *
You feel sick. The killer bee stings you.
* * * LOW HITPOINT WARNING * * *
The killer bee stings you.
You die...

(##### .....#.#
####.## #......# #.#
#..#.## #.#
#..#.#########
#####.# ....#.......#
#.....# ........#
#>##### # ##.####..##
#.#
#...#.y##.....####.#
#...yy@.#........#
...$..#y####..#######
...#.##.......# .# #.
#......## y ########
. #y


You could see 4 killer bees.

Vanquished Creatures
  3 scorpions
  A killer bee (D:5)
  A hound (D:4)
  A centaur skeleton (D:4)
  Jessica (D:3)
  2 worker ants
  A hound skeleton (D:4)
  9 adders
  3 adder skeletons
  6 worms
  5 dart slugs
  5 leopard geckos
  3 orcs
  8 bats
  4 giant cockroaches
  2 goblins (D:3)
  A hobgoblin (D:2)
  11 jackals
  3 quokkas
  2 ball pythons
  5 frilled lizards
  6 kobolds
  10 rats
93 creatures vanquished.

Notes
Turn   | Place    | Note
-------+----------+-------------------------------------------
     0 | D:1      | Htamos the Deep Elf Conjurer began the quest for the Orb.
     0 | D:1      | Reached XP level 1. HP: 10/10 MP: 6/6
   393 | D:1      | Reached XP level 2. HP: 15/15 MP: 5/8
   557 | D:1      | Learned a level 2 spell: Searing Ray
   955 | D:1      | Reached XP level 3. HP: 19/19 MP: 7/10
  1173 | D:2      | Found a white marble altar of Elyvilon.
  1177 | D:2      | Reached skill level 4 in Spellcasting
  1247 | D:2      | Reached XP level 4. HP: 24/24 MP: 9/12
  1409 | D:2      | Found a snail-covered altar of Cheibriados.
  1626 | D:2      | Found a deep blue altar of Sif Muna.
  1780 | D:2      | Became a worshipper of Sif Muna the Loreminder
  2057 | D:3      | Reached skill level 1 in Fighting
  2057 | D:3      | Reached skill level 5 in Conjurations
  2183 | D:3      | Found a shadowy altar of Dithmenos.
  2300 | D:3      | Reached XP level 5. HP: 29/29 MP: 5/14
  2861 | D:3      | Reached skill level 5 in Spellcasting
  3042 | D:3      | Found a sparkling altar of Nemelex Xobeh.
  3042 | D:3      | Noticed Jessica
  3044 | D:3      | Killed Jessica
  3243 | D:4      | Found a hide-covered altar of Uskayaw.
  3281 | D:4      | Reached XP level 6. HP: 22/34 MP: 2/16
  3408 | D:4      | Found a staircase to the Ecumenical Temple.
  3481 | D:4      | Noticed a +0 dagger
  3482 | D:4      | Noticed a +0 hand axe
  3847 | D:4      | Reached skill level 6 in Spellcasting
  4191 | D:4      | Noticed an orc warrior
  4213 | D:5      | Entered Level 5 of the Dungeon
  4356 | D:5      | Learned a level 3 spell: Dazzling Spray
  4361 | D:5      | Learned a level 4 spell: Iskenderun's Mystic Blast
  4366 | D:5      | Learned a level 4 spell: Force Lance
  4371 | D:5      | Learned a level 4 spell: Fulminant Prism
  4381 | D:5      | Reached * piety under Sif Muna
  4381 | D:5      | Reached XP level 7. HP: 27/40 MP: 8/19
  4386 | D:5      | HP: 1/40 [killer bee (3)]
  4386 | D:5      | Slain by a killer bee

Skill      XL: |  1  2  3  4  5  6 |
---------------+-------------------+-----
Stealth        | 3 |  3.0
Dodging        | 3 4 |  4.6
Spellcasting   | 4 5 6 |  6.7
Fighting       | 1 2 |  2.3
Conjurations   | 5 |  5.7

Action                   |  1- 3 |  4- 6 |  7- 9 || total
-------------------------+-------+-------+-------++-------
Melee: Unarmed           |    13 |       |       ||    13
 Cast: Magic Dart        |    53 |   152 |       ||   205
       Searing Ray       |     4 |    10 |       ||    14
  Eat: Chunk             |     1 |     9 |       ||    10
Armor: Robe              |     4 |     1 |       ||     5
       Leather armour    |       |       |     1 ||     1
Dodge: Dodged            |    20 |    14 |     6 ||    40
